 Dungeon Crawl Stone Soup version 0.21-a0-225-g207ae17 (webtiles) character file.

706 CotterCat the Charmwright (level 7, -6/51 HPs)
             Began as a Demonspawn Skald on Aug 28, 2017.
             Was an Initiate of Dithmenos.
             Mangled by an ogre
             ... wielding a +0 giant club
              (16 damage)
             ... on level 5 of the Dungeon on Aug 29, 2017.
             The game lasted 00:34:47 (5312 turns).

CotterCat the Charmwright (Demonspawn Skald)        Turns: 5312, Time: 00:34:47

Health: -6/51      AC: 10    Str:  9 (11) XL:     7   Next: 39%
Magic:  12/12      EV: 12    Int: 14 (15) God:    Dithmenos [......]
Gold:   256        SH:  4    Dex: 14      Spells: 12/13 levels left

rFire    . . .     SeeInvis +   g - +3 short sword (elec)
rCold    + . .     Gourm    .   E - +0 buckler
rNeg     . . .     Faith    .   h - +1 ring mail
rPois    .         Spirit   .   n - +2 helmet {SInv}
rElec    .         Reflect  .   y - +0 cloak
rCorr    .         Harm     .   (no gloves)
MR       .....                  (no boots)
Stlth    +.........             (no amulet)
HPRegen  0.17/turn              (no ring)
MPRegen  0.13/turn              (no ring)

@: no status effects
A: repulsion field 1, cold resistance 1, foul stench 1, rot immunity, freezing
cloud immunity
a: Renounce Religion


You were on level 5 of the Dungeon.
You worshipped Dithmenos.
Dithmenos was noncommittal.
You were not hungry.

You visited 1 branch of the dungeon, and saw 5 of its levels.

You collected 310 gold pieces.
You spent 54 gold pieces at shops.

Inventory:

Hand Weapons
 a - a +0 falchion
 f - a +0 mace
 g - a +3 short sword of electrocution (weapon)
 i - a +2 short sword of freezing
 k - a +0 hunting sling
 l - a +0 hunting sling
 w - a +1 hand axe of electrocution
Missiles
 e - 81 arrows
 j - 171 stones (quivered)
 s - 49 sling bullets
 v - 11 poisoned needles
 z - 15 bolts
Armour
 b - a +0 leather armour
 h - a +1 ring mail (worn)
 n - a +2 helmet of see invisible (worn)
 r - a scarf of repulsion
 x - a +0 robe
 y - a +0 cloak (worn)
 E - a +0 buckler (worn)
Scrolls
 m - 3 scrolls of teleportation
 q - 2 scrolls of enchant armour
 t - 7 scrolls of identify
 A - 3 scrolls of remove curse
 C - a scroll of fog
 G - a scroll of fear
 I - a scroll of magic mapping
Potions
 o - 2 potions of ambrosia
 u - 2 potions of heal wounds
 B - 2 potions of haste
 D - a potion of mutation {unknown}
 F - a potion of curing
Books
 c - a book of Battle

   Spells                             Type                      Level
   a - Infusion                       Charms                       1
   b - Shroud of Golubria             Charms/Translocation         2
   c - Song of Slaying                Charms                       2
   d - Spectral Weapon                Hexes/Charms                 3
   e - Regeneration                   Charms/Necromancy            3
 H - a book of Misfortune

   Spells                             Type                      Level
   a - Confusing Touch                Hexes                        1
   b - Confuse                        Hexes                        3
   c - Gell's Gravitas                Translocation                3
   d - Petrify                        Transmutation/Earth          4
   e - Metabolic Englaciation         Hexes/Ice                    5
   f - Yara's Violent Unravelling     Hexes/Transmutation          5
Comestibles
 d - 3 bread rations
 p - a meat ration
 J - 2 chunks of flesh
 K - 3 mutagenic chunks of flesh


   Skills:
 + Level 2.6 Fighting
 + Level 3.5(3.8) Short Blades
 + Level 2.0(3.0) Long Blades
 + Level 0.6(1.1) Slings
 + Level 1.2(1.3) Throwing
 + Level 2.5 Armour
 + Level 2.5 Dodging
 + Level 0.8 Stealth
 + Level 0.8 Shields
 + Level 3.6 Spellcasting
 + Level 4.1 Charms


You had 12 spell levels left.
You knew the following spells:

 Your Spells              Type           Power        Failure   Level  Hunger
a - Infusion              Chrm           ##..         16%         1    None


Dungeon Overview and Level Annotations

Branches:
Dungeon (5/15)
 Temple: D:4-7

Altars:
Ashenzari
Dithmenos
Nemelex Xobeh
Uskayaw

Shops:
D:4 *   D:5 (


Innate Abilities, Weirdness & Mutations

You are surrounded by a mild repulsion field. (EV +2)
Your flesh is cold resistant. (rC+)
You may emit foul miasma when damaged in melee.
You are immune to rotting.
You are immune to freezing clouds.


Message History

The ogre shouts!
The ogre hits you with a giant club!!
* * * LOW HITPOINT WARNING * * *
You emit a cloud of foul miasma!
The ogre is engulfed in dark miasma.
The ogre is poisoned.
The ogre seems to slow down.
The ogre hits you with a giant club.
* * * LOW HITPOINT WARNING * * *
The ogre is engulfed in dark miasma.
The ogre looks even sicker.
The ogre is no longer moving slowly.
The ogre looks more healthy.
Found a stone staircase leading up.
The ogre hits you with a giant club.
* * * LOW HITPOINT WARNING * * *
The ogre looks sick.
There is a stone staircase leading up here.
The ogre closely misses you.
Some of the chunks of flesh in your inventory have rotted away.
The ogre misses you. The ogre hits you with a giant club!
You die...

#.>....#....#
#.#..........
.......######
#######.#..........
..######
#....##.#........#.
..#
#....##.#...#....##
..#
#....##<#........#
..#
#....##...######.#
..#
#................#
#.###########
#O....#############
#.#)........#
#.@................
#.#.........#
###......##########
#.#.........#
#................
#.#.........#
#...............#
#.#.........#
#......########.#
#.#.#####.###
#......# #.# #.#.#
#.# ######## #.#
#.#.# #.# #.# ..#.#
#.# #.#


You could see an ogre.

Vanquished Creatures
  2 sky beasts (D:5)
  A water moccasin zombie (D:5)
  2 hounds
  2 orc priests (D:3)
  Terence (D:2)
  An iguana (D:5)
  An orc wizard (D:3)
  A worker ant (D:4)
  Natasha (thrice) (D:2)
  2 hound skeletons
  A howler monkey skeleton (D:4)
  3 adders (D:2)
  A shadow imp (D:5)
  An ooze (D:1)
  5 worms
  A dart slug (D:1)
  4 leopard geckos
  9 orcs (D:3)
  2 ball pythons (D:4)
  4 giant cockroaches
  6 goblins
  4 hobgoblins
  7 jackals
  A quokka (D:3)
  4 bats (D:2)
  5 frilled lizards (D:2)
  6 kobolds
  10 rats
  2 plants (D:4)
92 creatures vanquished.

Notes
Turn   | Place    | Note
-------+----------+-------------------------------------------
     0 | D:1      | CotterCat the Demonspawn Skald began the quest for the Orb.
     0 | D:1      | Reached XP level 1. HP: 16/16 MP: 3/3
   294 | D:1      | Reached skill level 3 in Charms
   294 | D:1      | Gained mutation: You are surrounded by a mild repulsion field. (EV +2) [demonic ancestry]
   294 | D:1      | Reached XP level 2. HP: 22/22 MP: 0/5
   974 | D:2      | Gained mutation: Your flesh is cold resistant. (rC+) [demonic ancestry]
   974 | D:2      | Reached XP level 3. HP: 27/27 MP: 6/6
   986 | D:2      | Reached skill level 1 in Armour
  1197 | D:2      | Noticed Natasha
  1230 | D:2      | Killed Natasha
  1418 | D:2      | Learned a level 1 spell: Infusion
  1424 | D:2      | Noticed Natasha
  1429 | D:2      | Killed Natasha
  1429 | D:2      | Reached XP level 4. HP: 29/33 MP: 8/8
  1558 | D:2      | Noticed Natasha
  1562 | D:2      | Killed Natasha
  1600 | D:2      | Reached skill level 1 in Short Blades
  1622 | D:2      | Noticed Terence
  1626 | D:2      | Killed Terence
  1626 | D:2      | Gained mutation: You are immune to freezing clouds. [demonic ancestry]
  1626 | D:2      | Reached XP level 5. HP: 33/38 MP: 7/9
  2832 | D:3      | Gained mutation: You are immune to rotting. [demonic ancestry]
  2832 | D:3      | Reached XP level 6. HP: 46/46 MP: 10/10
  3526 | D:4      | Found a shattered altar of Ashenzari.
  3649 | D:4      | Found Iryguofo's Assorted Antiques.
  3687 | D:4      | Found a shadowy altar of Dithmenos.
  3694 | D:4      | Became a worshipper of Dithmenos the Shadowed
  4080 | D:4      | Bought a scroll labeled EGGUELAJIW for 27 gold pieces
  4080 | D:4      | Bought a scroll labeled QYWULO YGHAATIUN for 27 gold pieces
  4202 | D:5      | Entered Level 5 of the Dungeon
  4205 | D:5      | Found Uclag's Antique Weapon Emporium.
  4707 | D:5      | Found a sparkling altar of Nemelex Xobeh.
  5043 | D:5      | Noticed a sky beast
  5046 | D:5      | Found a hide-covered altar of Uskayaw.
  5069 | D:5      | Killed a sky beast
  5069 | D:5      | Reached skill level 1 in Throwing
  5069 | D:5      | Gained mutation: You may emit foul miasma when damaged in melee. [demonic ancestry]
  5069 | D:5      | Reached XP level 7. HP: 46/51 MP: 7/12
  5177 | D:5      | Reached skill level 4 in Charms
  5312 | D:5      | Mangled by an ogre

Vault maps used:
D:1:      scummos_arrival_star, palyth_stone_intersect
D:2:      minmay_door_path, uniq_natasha, uniq_terence
D:3:      cheibrodos_pilgrimage, first_bread
D:4:      kennysheep_little_box, evilmike_ruin_ashenzari, serial_bayou_lagoon_a,
          kennysheep_windowed_goal
D:5:      marbit_many_paths, nicolae_ru_path_of_blood,
          nemelex_xobeh_ov_fountains_minmay, serial_shops, shop, minivault_5

Skill      XL: |  1  2  3  4  5  6  7 |
---------------+----------------------+-----
Dodging        | 2 |  2.5
Charms         | 3 4 |  4.1
Long Blades    | 2 |  2.0
Armour         | 1 2 |  2.5
Short Blades   | 1 2 3 |  3.5
Spellcasting   | 3 |  3.6
Throwing       | 1 |  1.2
Fighting       | |  2.6
Slings         | |  0.6
Stealth        | |  0.8
Shields        | |  0.8

Action                   |  1- 3 |  4- 6 |  7- 9 || total
-------------------------+-------+-------+-------++-------
Melee: Falchion          |    21 |       |       ||    21
       Short sword       |    40 |   203 |    37 ||   280
 Fire: Hunting sling     |     5 |       |       ||     5
Throw: Stone             |     2 |    29 |     1 ||    32
 Cast: Infusion          |    14 |    41 |       ||    55
  Use: Scroll            |     6 |     5 |       ||    11
       Potion            |     2 |     5 |       ||     7
  Eat: Chunk             |     2 |     9 |       ||    11
       Meat ration       |       |     1 |       ||     1
       Royal jelly       |       |     1 |       ||     1
Armor: Leather armour    |     4 |       |       ||     4
       Ring mail         |    11 |    56 |    13 ||    80
Dodge: Dodged            |    49 |   108 |    19 ||   176
Block: Buckler           |       |    14 |     3 ||    17
       Rpst.: Falchion   |     6 |       |       ||     6

Table legend:
 A = Spawn XP
 B = Non-spawn XP
 C = Spawn XP percentage of total XP
 D = Spawn monster count
 E = Non-spawn monster count
 F = Spawn count percentage of total count
 G = Total turns spent on level
                    A         B        C        D         E        F      G
               +---------+---------+-------+---------+---------+-------+---------
         Total |      65 |     944 |   6.4 |      10 |      80 |  11.1 |  5312
               +---------+---------+-------+---------+---------+-------+---------
           D:1 |       4 |      16 |  20.0 |       2 |       6 |  25.0 |   763
           D:2 |      25 |     210 |  10.6 |       7 |      30 |  18.9 |  1778
           D:3 |       0 |     171 |   0.0 |       0 |      24 |   0.0 |   883
           D:4 |       0 |     130 |   0.0 |       0 |      12 |   0.0 |   778
           D:5 |      36 |     417 |   7.9 |       1 |       8 |  11.1 |  1110
               +---------+---------+-------+---------+---------+-------+---------
